 Dungeon Crawl Stone Soup version 0.29.1-1-gd02db6906a (webtiles) character file.

Game seed: 665855414776938488

23 MisterFreud the Ducker (level 2, -5/14 HPs)
             Began as a Felid Berserker on Oct 11, 2022.
             Was a Follower of Trog.
             Slain by a gnoll
             ... wielding a +0 flail
              (7 damage)
             ... on level 2 of the Dungeon.
             The game lasted 00:00:51 (1055 turns).

MisterFreud the Ducker (Felid Berserker)            Turns: 1055, Time: 00:00:52

Health: -5/14      AC:  1    Str: 13    XL:     2   Next: 75%
Magic:  3/3        EV:  9    Int:  8    God:    Trog [*.....]
Gold:   72         SH:  0    Dex: 15    Spells: 1/1 levels left
                                        Lives:  0   Deaths: 0

rFire   . . .      SeeInvis +     - Unarmed
rCold   . . .      Faith    .   (shield unavailable)
rNeg    . . .      Spirit   .   (body armour unavailable)
rPois   .          Reflect  .   (helmet unavailable)
rElec   .          Harm     .   (cloak unavailable)
rCorr   .          Rampage  .   (gloves unavailable)
Will    .....                   (boots unavailable)
Stlth   ++........              (no amulet)
HPRegen 0.04/turn               (no ring)
MPRegen 0.08/turn               (no ring)

@: held, quick
A: very small, claws 1, fangs 3, see invisible, speed 1, shaggy fur 1, stealthy
paws, no weapons or thrown items, no armour, multi-lived
a: Renounce Religion, Berserk


You were on level 2 of the Dungeon.
You worshipped Trog.
Trog was aware of your devotion.
You visited 1 branch of the dungeon, and saw 2 of its levels.

You collected 72 gold pieces.

Inventory:

Jewellery
 a - an amulet of guardian spirit
 d - an amulet of the acrobat
Scrolls
 b - a scroll of teleportation {unknown}
Potions
 c - a potion of curing
 e - a potion of lignification {unknown}


   Skills:
 - Level 3.0 Fighting
 - Level 4.0 Dodging
 + Level 2.5 Stealth
 + Level 3.5 Unarmed Combat


You had one spell level left.
You didn't know any spells.
Your spell library was empty.

Dungeon Overview and Level Annotations

Branches:
Dungeon (2/15)

Altars:


Innate Abilities, Weirdness & Mutations

You have sharp claws.
You have razor-sharp teeth.
You have supernaturally acute eyesight. (SInv)
You cover ground quickly. (Speed+)
You are covered in fur. (AC +1)
Your paws help you pounce on unaware monsters.
You are incapable of wielding weapons or throwing items.
You cannot wear armour.
You gain extra lives every three experience levels.


Message History

You scratch the jackal.
The jackal is almost dead.
The jackal completely misses you.
You scratch the jackal.
The jackal is severely wounded.
The jackal completely misses you.
You scratch the jackal. Your bite misses the jackal.
The jackal is almost dead.
The jackal completely misses you.
You scratch the jackal.
You kill the jackal!
Trog accepts your kill. The jackal closely misses you.
You claw the jackal!
You kill the jackal!
Trog accepts your kill.
You closely miss the jackal. The jackal closely misses you.
The jackal completely misses you.
You claw the jackal!
You kill the jackal!
Trog accepts your kill.
You scratch the endoplasm.
You kill the endoplasm!
Trog accepts your kill.
A gnoll comes into view. It is wielding a +2 vorpal spear.
You see here a jackal corpse. 2 gnolls come into view.
The gnoll throws a throwing net.
The throwing net hits you.
You become entangled in the net!
There is an open door here.
You see here a throwing net.
You struggle against the net.
You struggle against the net.
Unknown command.
You struggle against the net.
The gnoll hits you from afar with a +2 vorpal spear.
* * * LOW HITPOINT WARNING * * *
x2 The gnoll hits you with a +0 flail!
Ouch! That really hurt!
You die...

#.# #.#
#####.#
#.....#
#.#####
#.#
######.#
#.†....#
#@######
#...g...#
#..gb...#
#.....h.#
#..g....#
#.......#
#........
..#'##+###


You could see 3 gnolls, a jackal (wandering) and a bat.

Vanquished Creatures
  A dart slug (D:1)
  2 endoplasms
  A goblin (D:2)
  2 hobgoblins (D:1)
  3 jackals (D:2)
  2 quokkas (D:1)
  A ball python (D:1)
  A bat (D:1)
  3 frilled lizards (D:1)
  3 kobolds (D:1)
  A rat (D:2)
20 creatures vanquished.

Vanquished Creatures (others)
  A withered plant (D:1)
1 creature vanquished.

Grand Total: 21 creatures vanquished

Notes
Turn   | Place    | Note
-------+----------+-------------------------------------------
     0 | D:1      | MisterFreud the Felid Berserker began the quest for the
                  | Orb.
     0 | D:1      | Reached XP level 1. HP: 10/10 MP: 2/2
    79 | D:1      | Reached skill level 1 in Stealth
   431 | D:1      | Found a faded altar of an unknown god.
   448 | D:1      | Reached XP level 2. HP: 13/14 MP: 3/3
  1055 | D:2      | Slain by a gnoll

Illustrated notes

Levels and vault maps discovered:
D:1:      amcnicky_arrival_feature_with_door, layout_basic,
          ebering_ecumenical_altar_petrified
D:2:      layout_basic, nicolae_grassy_gnolls

Skill      XL: |  1  2 |
---------------+-------+-----
Stealth        | 1 2 |  2.5
Fighting       | |  3.0
Dodging        | |  4.0
Unarmed Combat | |  3.5

Action                   || total
-------------------------++-------
Melee: Unarmed           ||    45
       Bite              ||     3
       Punch             ||     1
  Use: Scroll            ||     1
 Stab: Sleeping          ||     2
Armor: Skin              ||     2
Dodge: Dodged            ||    28
